 Dungeon Crawl Stone Soup version 0.16-a0-715-g16937c4 (webtiles) character file.

27 Afay the Skirmisher (level 3, 0/29 HPs)
             Began as a Formicid Abyssal Knight on Sept 21, 2014.
             Was a Believer of Lugonu.
             Succumbed to a giant mite's poison
             ... on Level 1 of the Dungeon.
             The game lasted 00:01:40 (475 turns).

Afay the Skirmisher (Formicid Abyssal Knight)        Turns: 475, Time: 00:01:40

HP   0/29        AC  4     Str 17      XL: 3   Next: 25%
MP   5/5         EV 16     Int 11      God: Lugonu [**....]
Gold 33          SH  0     Dex 15      Spells:  0 memorised,  2 levels left

rFire  . . .     SeeInvis +     a - +1 mace
rCold  . . .     Clarity  .     b - +0 leather armour
rNeg   . . .     rCorr    .     (no shield)
rPois  .         rRot     .     (helmet unavailable)
rElec  .         Spirit   .     (no cloak)
SustAb .         Warding  .     (no gloves)
rMut   .         Stasis   +     (no boots)
Gourm  .                        (no amulet)
MR     .....                    (no ring)
                                (no ring)

@: agile, lethally poisoned, not resistant to hostile enchantments, unstealthy
A: permanent stasis, dig shafts and tunnels, four strong arms, antennae 3,
molten scales 1
a: Dig, Shaft Self, Depart the Abyss, Bend Space, Renounce Religion


You were on level 1 of the Dungeon.
You worshipped Lugonu.
Lugonu was pleased with you.
You were not hungry.

You visited 1 branch of the dungeon, and saw 1 of its levels.
You visited the Abyss 1 time.

You collected 33 gold pieces.

Inventory:

Hand weapons
 a - a +1 mace (weapon)
Armour
 b - a +0 leather armour (worn)
Comestibles
 c - a bread ration
 i - 2 meat rations
Scrolls
 d - a scroll of teleportation {unknown}
 e - a scroll of random uselessness {unknown}
 f - 2 scrolls of remove curse {unknown}
 g - a scroll of fear {unknown}
 k - a scroll of identify {unknown}


   Skills:
 - Level 3.2 Fighting
 + Level 2.1 Maces & Flails
 * Level 3.1 Armour
 * Level 1.3 Dodging
 + Level 2.5 Invocations


You had 2 spell levels left.
You didn't know any spells.

Dungeon Overview and Level Annotations

Branches:
Dungeon (1/15)

Altars:


Innate Abilities, Weirdness & Mutations

Your are under a permanent stasis effect.
You can dig through walls and to a lower floor.
Your four strong arms can wield two-handed weapons with a shield.
You have a pair of large antennae on your head (SInv).
You are partially covered in molten scales (AC +1).


Message History

You feel stronger.
* * * LOW HITPOINT WARNING * * *
You feel sick.
Drink which item? (? for menu, Esc to quit)
Molten scales grow over part of your body.
You feel fantastic!
It was a potion of beneficial mutation.
* * * LOW HITPOINT WARNING * * *
You feel sick.
Drink which item? (? for menu, Esc to quit)
You feel agile all of a sudden.
It was a potion of agility.
* * * LOW HITPOINT WARNING * * *
You feel sick.
You aren't carrying any potions.
There is a lethal amount of poison in your body!
There is a lethal amount of poison in your body!
There is a lethal amount of poison in your body!
There is a lethal amount of poison in your body!
There is a lethal amount of poison in your body!
You die...

...... # . ...#### ..
#.#..#.# #..##.....##.#
#.#..#.# #..##........
#.#..#.###..##......#
#...........##.....#
..#[........##.....##.#.#.#
#....#[###..##.............
#..#.#.###..##.#)####.#.#.#
...#.#......##.#@#
##.#.#####.###.#.#
#.#.#####.......#
#.#...........###
#.############# ##.#
######### ...# #.......#
######### #### #.#####.#
§§≈#.#≈≈≈ # #.......#
§§§§≈#.#≈§§


There were no monsters in sight!

Vanquished Creatures
  A giant mite (D:1)
  A giant gecko (D:1)
  A giant cockroach (D:1)
  2 hobgoblins (D:1)
  3 jackals (D:1)
  2 kobolds (D:1)
  A ball python (D:1)
  2 bats (D:1)
  A giant newt (D:1)
  2 goblins (D:1)
  3 rats (D:1)
19 creatures vanquished.

Notes
Turn   | Place    | Note
--------------------------------------------------------------
     0 | Abyss:1  | Afay, the Formicid Abyssal Knight, began the quest for the Orb.
     0 | Abyss:1  | Reached XP level 1. HP: 18/18 MP: 1/1
    34 | D:1      | Escaped the Abyss
   199 | D:1      | Reached XP level 2. HP: 24/24 MP: 3/3
   263 | D:1      | Reached skill level 1 in Dodging
   442 | D:1      | Acquired Lugonu's second power
   469 | D:1      | Reached XP level 3. HP: 4/29 MP: 5/5
   470 | D:1      | Gained mutation: You are partially covered in molten scales (AC +1). [potion of beneficial mutation]
   472 | D:1      | HP: 1/29 [poisoned by a giant mite]
   475 | D:1      | Succumbed to a giant mite's poison

Action                   || total
-------------------------++-------
Melee: Mace              ||    53
  Use: Potion            ||     2
